 Dungeon Crawl Stone Soup version 0.29.1-1-gd02db6906a (webtiles) character file.

Game seed: 7687416802751853764

106586 groovy9 the Marksant (level 16, -7/98 HPs)
             Began as a Formicid Hunter on Sept 18, 2022.
             Was a High Priest of Hepliaklqana.
             Mangled by Rupert
             ... wielding a +1 great mace of holy wrath
              (22 damage)
             ... on level 1 of the Spider Nest.
             The game lasted 01:44:10 (27161 turns).

groovy9 the Marksant (Formicid Hunter)             Turns: 27161, Time: 01:44:10

Health: -7/98      AC: 17    Str: 23    XL:     16   Next: 99%
Magic:  30/30      EV: 13    Int: 11    God:    Hepliaklqana [*****.]
Gold:   2538       SH:  0    Dex: 25    Spells: 27/35 levels left

rFire   . . .      SeeInvis +   a - +1 arbalest (vorpal)
rCold   + . .      Faith    .   E - +0 kite shield
rNeg    + . .      Spirit   .   n - +6 ring mail of the Furies {rCorr Str+4 Stlth-}
rPois   +          Reflect  .   (helmet unavailable)
rElec   .          Harm     .   A - +2 cloak
rCorr   +          Rampage  .   (no gloves)
Will    +....                   o - +0 pair of boots
Stlth   ..........              u - amulet of regeneration
HPRegen 1.06/turn               T - ring "Boseiro" {rC+ rN+ Str+3 Dex+2 Slay+2}
MPRegen 0.22/turn               R - ring of poison resistance

@: confused, spiked
A: reduced essence, permanent stasis, dig shafts and tunnels, antennae 3, four
strong arms
a: Dig, Shaft Self, Renounce Religion, Recall Ancestor, Ancestor Identity,
Transference, Idealise


You were on level 1 of the Spider Nest.
You worshipped Hepliaklqana.
Hepliaklqana was extremely pleased with you.
You visited 5 branches of the dungeon, and saw 24 of its levels.
You visited 1 bazaar.
You also visited: Ice Cave and Volcano.

You collected 3975 gold pieces.
You spent 1437 gold pieces at shops.

Inventory:

Hand Weapons
 a - a +1 vorpal arbalest (weapon)
 Q - a +0 longbow
Missiles
 y - a throwing net
 J - a curare-tipped dart
Armour
 c - the +1 leather armour of the Saviour {Fly rPois rN+ Dex+2}
   (You found it on level 1 of the Orcish Mines)

   Dex:       It affects your dexterity (+2).
   rPois:     It protects you from poison.
   rN:        It protects you from negative energy.
   Fly:       It grants you flight.
 e - a +3 chain mail of willpower
 n - the +6 ring mail of the Furies (worn) {rCorr Str+4 Stlth-}
   (You bought it in a shop in a bazaar)

   Str:       It affects your strength (+4).
   rCorr:     It protects you from acid and corrosion.
   Stlth:     It makes you less stealthy.
 o - a +0 pair of boots (worn)
 A - a +2 cloak (worn)
 E - a +0 kite shield (worn)
 S - a +3 ring mail of fire resistance
Jewellery
 g - the ring of Creativity {Str+5 Dex+8 Slay+4 Stlth-}
   (You found it in an ice cave)

   [ring of slaying]

   Str:       It affects your strength (+5).
   Dex:       It affects your dexterity (+8).
   Slay:      It affects your accuracy & damage with ranged weapons and melee
   (+4).
   Stlth:     It makes you less stealthy.
 m - a +6 ring of dexterity
 t - a ring of flight
 u - an amulet of regeneration (around neck)
 w - an amulet of reflection
 O - the ring "Kefead" {Int+6 Dex+9}
   (You found it on level 1 of the Lair of Beasts)

   [ring of intelligence]

   Int:       It affects your intelligence (+6).
   Dex:       It affects your dexterity (+9).
 R - a ring of poison resistance (right hand)
 T - the ring "Boseiro" (left hand) {rC+ rN+ Str+3 Dex+2 Slay+2}
   (You acquired it on level 2 of the Orcish Mines)

   [ring of positive energy]

   Str:       It affects your strength (+3).
   Dex:       It affects your dexterity (+2).
   Slay:      It affects your accuracy & damage with ranged weapons and melee
   (+2).
   rC:        It protects you from cold.
   rN:        It protects you from negative energy.
Wands
 d - a wand of roots (29)
 h - a wand of digging (7)
 p - a wand of flame (63)
 v - a wand of paralysis (31)
 G - a wand of acid (10)
 Y - a wand of polymorph (7)
Scrolls
 b - a scroll of silence
 j - 5 scrolls of immolation
 s - 4 scrolls of poison
 x - a scroll of fog
 z - 5 scrolls of noise
 B - 4 scrolls of enchant armour
 F - 3 scrolls of vulnerability
 I - a scroll of fear
 K - 3 scrolls of magic mapping
 M - a scroll of torment
 N - a scroll of amnesia
 X - a scroll of enchant weapon
Potions
 f - a potion of curing
 i - 4 potions of brilliance
 k - a potion of magic
 l - 10 potions of flight
 q - a potion of lignification
 r - 5 potions of mutation
 C - 5 potions of attraction
 D - 2 potions of degeneration
 H - a potion of might
 U - a potion of cancellation


   Skills:
 + Level 5.3 Fighting
 - Level 15.6 Ranged Weapons
 + Level 8.8 Armour
 + Level 4.3 Dodging
 - Level 1.2 Stealth
 - Level 12.6 Shields
 - Level 10.0 Spellcasting
 - Level 10.0 Hexes
 - Level 6.4 Transmutations
 - Level 6.1 Ice Magic
 - Level 13.2 Invocations
 - Level 10.0 Evocations


You had 27 spell levels left.
You knew the following spells:

 Your Spells              Type           Power      Damage    Failure   Level
a - Slow                  Hex            100%       N/A       1%          1
b - Ensorcelled Hibernat  Hex/Ice        46%        N/A       1%          2
c - Confusing Touch       Hex            27%        N/A       1%          3
d - Wereblood             Tmut           19%        N/A       3%          2

Your spell library contained the following spells:

 Spells                   Type           Power      Damage    Failure   Level
 Beastly Appendage        Tmut           38%        N/A       2%          1
 Frozen Ramparts          Ice            36%        1d6       8%          3
 Ice Form                 Ice/Tmut       19%        N/A       24%         4
 Spider Form              Tmut/Pois      12%        N/A       26%         3
 Foxfire                  Conj/Fire      20%        2x1d5     30%         1
 Magic Dart               Conj           20%        1d4       30%         1
 Shock                    Conj/Air       20%        1d4       30%         1
 Anguish                  Hex/Necr       8%         N/A       36%         4
 Call Imp                 Summ           5%         N/A       43%         2
 Poisonous Vapours        Pois/Air       10%        N/A       43%         2
 Summon Ice Beast         Ice/Summ       12%        N/A       65%         4
 Mephitic Cloud           Conj/Pois/Air  5%         N/A       67%         3
 Vampiric Draining        Necr           5%         2d6       67%         3
 Airstrike                Air            2%         2d(1-17)  97%         4
 Corpse Rot               Necr/Pois/Air  5%         N/A       97%         4
 Olgreb's Toxic Radiance  Pois           5%         N/A       97%         4
 Summon Lightning Spire   Summ/Air       5%         N/A       97%         4
 Ozocubu's Refrigeration  Ice            9%         4d9       100%        7
 Storm Form               Tmut/Air       6%         N/A       100%        7
 Ignition                 Fire           2%         3d3       100%        8
 Maxwell's Capacitive Co  Air            2%         ∞         100%        8
 Swiftness                Air            Unusable   N/A       N/A         3

Dungeon Overview and Level Annotations

Branches:
Dungeon (15/15)            Temple (1/1) D:5            Lair (5/5) D:11
  Swamp (0/4) Lair:3       Spider (1/4) Lair:3        Slime (0/5) Lair:4
    Orc (2/2) D:11            Elf (0/3) Orc:2        Vaults (0/5) D:14
 Depths (0/4) D:15          IceCv (visited)         Volcano (visited)

Altars:
Ashenzari
Cheibriados
Dithmenos
Elyvilon
Fedhas
Gozag
Hepliaklqana
Kikubaaqudgha
Makhleb
Nemelex Xobeh
Okawaru
Qazlal
Ru
Sif Muna
Trog
Uskayaw
Vehumet
Wu Jian
Xom
Yredelemnul
Zin
The Shining One

Shops:
D:10 !   Orc:2 *(*(

Annotations:
Spider:1 Rupert


Innate Abilities, Weirdness & Mutations

Your life essence is reduced to manifest your ancestor. (-10% HP)
You cannot be hasted, slowed, berserked, paralysed or teleported.
You can dig through walls and to a lower floor.
You have a pair of large antennae on your head. (SInv)
Your four strong arms can wield two-handed weapons with a shield.


Message History

A redback comes into view.
Rupert barely misses you.
Eadwine misses the culicivora.
Eadwine hits Rupert with a +0 broad axe of flaming!
Eadwine burns Rupert.
The wolf spider hits you but does no damage.
The wolf spider bites you but does no damage.
Eadwine blocks the culicivora's attack.
The wolf spider hits you.
The wolf spider bites you but does no damage.
The tarantella misses you.
The steelbarb worm hits you but does no damage.
The wolf spider hits you.
The wolf spider bites you but does no damage.
The wolf spider hits you but does no damage.
The wolf spider bites you but does no damage.
Rupert screams, "Give me the Holy Grail!"
Rupert roars wildly at you.
You are more confused.
The tarantella misses you.
Eadwine closely misses the redback.
Eadwine barely misses Rupert.
In your confused state, you trip and fall back down the stairs.
The steelbarb worm barely misses you.
The jumping spider leaps!
The wolf spider hits you.
The wolf spider bites you but does no damage.
The wolf spider hits you. The wolf spider closely misses you.
The tarantella touches you but does no damage.
Rupert hits you with a +1 great mace of holy wrath!!
The wolf spider barely misses you.
The wolf spider bites you but does no damage.
The wolf spider hits you! The wolf spider bites you.
The steelbarb worm hits you but does no damage.
The tarantella closely misses you.
The jumping spider leaps!
The wolf spider barely misses you.
The wolf spider bites you but does no damage.
The redback bites you. The wolf spider hits you.
The wolf spider bites you but does no damage.
The steelbarb worm hits you!
* * * LOW HITPOINT WARNING * * *
Barbed spikes become lodged in your body.
Rupert hits you with a +1 great mace of holy wrath!!
You die...

# #...... .#
.^..... ...
.#.....#... #.
.......... ...#
#.$.#.....
.....#.......#.
#s.sss...^..
#@R..#
.....sw@sB.$...
#..##.B#s......
#.ss s......
.^... ...#.#.
...##. ...# ..
.°.. .. .?.. .
.#. .. (.#..


You could see the friendly Eadwine the knight, Rupert, a steelbarb worm, 2 wolf
spiders, an orb spider, a culicivora, 2 pharaoh ants, a jumping spider, 2
tarantellas and 3 redbacks.

Vanquished Creatures
  A golden dragon (IceCv)
  An ettin (Orc:2)
  The ghost of lambentLogic the Unseen, a journeyman KoEn of Hepliaklqana (Orc:1)
  Harold (D:9)
  3 boulder beetles
  4 ice dragons (IceCv)
  A vault guard (D:14)
  8 hydras
  Fannar (D:12)
  An ogre mage (Orc:2)
  2 centaur warriors
  Erica (D:8)
  3 catoblepae (Lair:5)
  9 death yaks
  9 two-headed ogres
  An orc high priest (Orc:1)
  2 deep trolls
  An orc knight (Volcano)
  A wizard (D:15)
  Pikel (D:8)
  An orange crystal statue (IceCv)
  2 lindwurms
  3 necromancers
  A deep elf zephyrmancer (D:11)
  6 ugly things (D:14)
  2 orc sorcerers
  An oklob plant (Lair:3)
  A deep elf pyromancer (D:14)
  5 cyclopes
  A manticore (Lair:5)
  2 salamanders (Volcano)
  A naga mage (D:15)
  2 torpor snails (Lair:2)
  4 black mambas
  3 molten gargoyles (Volcano)
  7 elephants
  4 storm dragon simulacra (IceCv)
  5 gargoyles
  Maggie (D:7)
  An unseen horror (D:12)
  3 rime drakes
  3 kobold demonologists
  9 komodo dragons
  5 cane toads
  A yaktaur (D:12)
  2 efreet (Volcano)
  5 golden dragon simulacra (IceCv)
  2 polar bears (Lair:5)
  6 trolls
  A tarantella (Lair:3)
  7 blink frogs
  Sigmund (D:3)
  A culicivora (Lair:3)
  7 wraiths
  A jumping spider (Lair:3)
  36 yaks
  3 wyverns
  Eustachio (D:4)
  A spriggan (Lair:4)
  4 vampires
  15 humans
  3 basilisks
  2 redbacks (Lair:3)
  A steam dragon (D:7)
  4 vampire mosquitoes (Lair:3)
  6 wargs
  2 acid dragons
  17 water moccasins
  6 black bears
  Duvessa (D:7)
  2 ice dragon simulacra (IceCv)
  11 orc warriors
  2 sky beasts
  An ice beast (D:5)
  2 centaurs
  11 ogres
  11 wolves
  2 phantoms
  3 kobold brigands
  2 necrophages
  3 scorpions
  2 gnoll sergeants
  12 bullfrogs
  4 wights (D:8)
  Dowan (D:7)
  7 killer bees
  6 lindwurm simulacra (IceCv)
  An electric eel (Lair:1)
  5 hounds
  3 jellies
  13 orc priests
  A gnoll bouda (D:8)
  2 iguanas
  27 orc wizards
  4 hell rats (Lair:4)
  22 gnolls
  9 adders
  An ufetubus (D:4)
  64 orcs
  2 endoplasms
  5 giant cockroaches
  6 goblins
  5 hobgoblins
  6 jackals
  5 quokkas
  5 ball pythons
  5 bats
  4 frilled lizards
  17 kobolds
  13 rats
568 creatures vanquished.

Vanquished Creatures (collateral kills)
  Gastronok (D:10)
  A red draconian (Volcano)
  Josephine (Lair:5)
  A boulder beetle (D:14)
  An ice dragon (IceCv)
  2 vault guards (D:14)
  A catoblepas (Lair:4)
  2 hydras
  An ogre mage (Orc:1)
  A death knight (D:14)
  A two-headed ogre (D:8)
  2 wizards
  A deep elf pyromancer (D:14)
  3 ugly things
  A manticore (Lair:5)
  2 cyclopes (Orc:2)
  A salamander (Volcano)
  An elephant (Lair:5)
  Joseph (D:10)
  A centaur zombie (D:15)
  Maurice (D:8)
  A naga mage (D:15)
  A torpor snail (Lair:2)
  2 centaur skeletons (D:15)
  A gargoyle (Volcano)
  A cane toad (Lair:5)
  2 komodo dragons (Lair:3)
  A yaktaur (D:14)
  A golden dragon simulacrum (IceCv)
  6 trolls
  2 blink frogs (Lair:5)
  A tarantella (Lair:3)
  A culicivora (Lair:3)
  A spriggan (Lair:4)
  A vampire (D:12)
  2 wraiths
  4 humans (D:14)
  11 yaks
  A redback (Lair:3)
  2 vampire mosquitoes (Lair:3)
  Menkaure (D:5)
  A water moccasin (Lair:5)
  8 orc warriors
  8 ogres
  6 wolves
  A lemure (D:8)
  A kobold brigand (D:7)
  2 bullfrogs
  A gnoll sergeant (D:11)
  A wight (D:8)
  A killer bee (D:9)
  3 lindwurm simulacra (IceCv)
  A crimson imp (D:11)
  3 orc priests
  An iguana (Orc:1)
  5 orc wizards
  A hell rat (Lair:4)
  4 gnolls
  22 orcs
  A kobold (D:11)
141 creatures vanquished.

Vanquished Creatures (others)
  7 knights
  8 fungi
  83 plants
98 creatures vanquished.

Grand Total: 807 creatures vanquished

Notes
Turn   | Place    | Note
-------+----------+-------------------------------------------
     0 | D:1      | groovy9 the Formicid Hunter began the quest for the Orb.
     0 | D:1      | Reached XP level 1. HP: 16/16 MP: 1/1
   214 | D:1      | Reached XP level 2. HP: 22/22 MP: 2/2
   931 | D:2      | Reached XP level 3. HP: 27/27 MP: 3/3
  1066 | D:2      | Reached skill level 5 in Ranged Weapons
  1068 | D:2      | Found a faded altar of an unknown god.
  1339 | D:2      | Reached XP level 4. HP: 33/33 MP: 4/4
  1617 | D:3      | Reached skill level 6 in Ranged Weapons
  1617 | D:3      | Reached XP level 5. HP: 22/38 MP: 5/5
  1901 | D:3      | Reached XP level 6. HP: 40/44 MP: 6/6
  2032 | D:3      | Noticed Sigmund
  2500 | D:4      | Reached skill level 7 in Ranged Weapons
  2698 | D:4      | Found a radiant altar of Vehumet.
  2895 | D:4      | Got Vehumet's Spellbook of Battle Magic
  2902 | D:4      | Found an ancient bone altar of Kikubaaqudgha.
  2910 | D:4      | Reached XP level 7. HP: 47/50 MP: 7/7
  2914 | D:4      | Found a shimmering blue altar of Sif Muna.
  2964 | D:4      | Reached skill level 8 in Ranged Weapons
  2986 | D:4      | Noticed Eustachio
  2993 | D:4      | Killed Eustachio
  3674 | D:5      | Entered Level 5 of the Dungeon
  3841 | D:5      | Reached skill level 9 in Ranged Weapons
  3850 | D:5      | Found a staircase to the Ecumenical Temple.
  3857 | D:5      | Reached XP level 8. HP: 56/56 MP: 8/8
  3946 | Temple   | Entered the Ecumenical Temple
  4047 | Temple   | Became a worshipper of Hepliaklqana the Forgotten
  4250 | D:5      | Noticed Menkaure
  4468 | D:5      | Found a white marble altar of Elyvilon.
  4523 | D:5      | Reached skill level 10 in Ranged Weapons
  4685 | D:3      | Killed Sigmund
  4769 | D:6      | Reached skill level 11 in Ranged Weapons
  5009 | D:6      | Found a glowing golden altar of the Shining One.
  5109 | D:6      | Reached XP level 9. HP: 61/61 MP: 9/9
  5394 | D:6      | Reached skill level 12 in Ranged Weapons
  6107 | D:7      | Noticed Maggie
  6114 | D:7      | Killed Maggie
  6115 | D:7      | Reached skill level 13 in Ranged Weapons
  6216 | D:7      | Noticed Duvessa
  6224 | D:7      | Killed Duvessa
  6225 | D:7      | Noticed Dowan
  6242 | D:7      | Killed Dowan
  6243 | D:7      | Reached XP level 10. HP: 54/67 MP: 10/10
  6341 | D:7      | Learned a level 1 spell: Slow
  6341 | D:7      | Reached * piety under Hepliaklqana
  6533 | D:7      | Reached skill level 1 in Hexes
  6706 | D:7      | Found a bloodstained altar of Trog.
  6822 | D:7      | Reached skill level 1 in Spellcasting
  7584 | D:5      | Killed Menkaure
  7686 | D:8      | Noticed Erica
  7697 | D:8      | Killed Erica
  7864 | D:8      | Reached skill level 14 in Ranged Weapons
  8017 | D:8      | Noticed Pikel
  8044 | D:8      | Killed Pikel
  8045 | D:8      | Reached skill level 5 in Hexes
  8277 | D:8      | Reached ** piety under Hepliaklqana
  8278 | D:8      | Remembered your ancestor Eadwine as a knight
  8301 | D:8      | Noticed Maurice
  8316 | D:8      | Killed Maurice
  8317 | D:8      | Reached XP level 11. HP: 63/64 MP: 16/18
  8549 | D:9      | Reached skill level 5 in Spellcasting
  8639 | D:9      | Learned a level 2 spell: Ensorcelled Hibernation
  8696 | D:9      | Noticed Harold
  8705 | D:9      | Killed Harold
  8706 | D:9      | Reached skill level 1 in Ice Magic
  9569 | D:8      | Noticed a two-headed ogre
  9572 | D:8      | Killed a two-headed ogre
  9693 | D:10     | Entered Level 10 of the Dungeon
 10026 | D:10     | Noticed Joseph
 10085 | D:10     | Noticed a two-headed ogre
 10089 | D:10     | Killed a two-headed ogre
 10257 | D:10     | Noticed Gastronok
 10268 | D:10     | Killed Gastronok
 10269 | D:10     | Reached skill level 15 in Ranged Weapons
 10269 | D:10     | Reached XP level 12. HP: 57/70 MP: 22/22
 10399 | D:10     | Learned a level 3 spell: Confusing Touch
 10435 | D:10     | Reached *** piety under Hepliaklqana
 10495 | D:10     | Killed Joseph
 10621 | D:10     | You are sucked into a shaft and drop 1 floor!
 10936 | D:10     | Found Emupp's Distillery.
 10948 | D:10     | Bought a potion of attraction for 39 gold pieces
 10948 | D:10     | Bought a potion of degeneration for 13 gold pieces
 11127 | D:11     | Reached skill level 1 in Shields
 11370 | D:11     | Found a staircase to the Orcish Mines.
 11528 | D:11     | Found a staircase to the Lair.
 11554 | D:11     | Noticed a five-headed hydra
 11559 | D:11     | Killed a five-headed hydra
 11560 | D:11     | Reached skill level 5 in Ice Magic
 11572 | D:11     | Reached skill level 5 in Shields
 11576 | D:11     | Noticed a boulder beetle
 11598 | D:10     | Killed a boulder beetle
 12208 | Lair:1   | Entered Level 1 of the Lair of Beasts
 12482 | Lair:1   | Learned a level 2 spell: Wereblood
 12612 | Lair:1   | Noticed a four-headed hydra
 12618 | Lair:1   | Killed a four-headed hydra
 12880 | Lair:1   | Identified the ring "Kefead" {Int+6 Dex+9}
 13069 | Lair:1   | Reached skill level 1 in Transmutations
 13149 | Lair:2   | Reached **** piety under Hepliaklqana
 13171 | Lair:2   | Reached XP level 13. HP: 74/74 MP: 25/25
 13188 | Lair:2   | Reached skill level 10 in Hexes
 13293 | Lair:2   | Found a snail-covered altar of Cheibriados.
 14264 | Lair:3   | Reached skill level 10 in Shields
 14289 | Lair:3   | Found a hole to the Spider Nest.
 14566 | Lair:3   | Identified a scroll of acquirement
 14567 | Lair:3   | Acquired 1172 gold pieces
 14585 | Lair:3   | Found a staircase to the Swamp.
 14841 | Lair:3   | Noticed a four-headed hydra
 14843 | Lair:3   | Killed a four-headed hydra
 14844 | Lair:3   | Reached skill level 5 in Transmutations
 15940 | Lair:4   | Noticed an eight-headed hydra
 15943 | Lair:4   | Killed an eight-headed hydra
 16143 | Lair:4   | Reached XP level 14. HP: 81/81 MP: 27/27
 16156 | Lair:4   | Found a staircase to the Slime Pits.
 16231 | Lair:4   | Reached skill level 10 in Spellcasting
 16242 | Lair:4   | Found an ancient bone altar of Kikubaaqudgha.
 16289 | Lair:4   | Reached ***** piety under Hepliaklqana
 16574 | Lair:4   | Reached skill level 1 in Invocations
 16745 | Lair:5   | Entered Level 5 of the Lair of Beasts
 16815 | Lair:5   | Reached skill level 5 in Invocations
 17295 | Lair:5   | Found a dark tunnel.
 17303 | Lair:5   | Reached skill level 10 in Invocations
 17346 | Volcano  | Entered a volcano
 17485 | Volcano  | Noticed a red draconian
 17496 | Volcano  | Killed a red draconian
 17497 | Volcano  | Reached XP level 15. HP: 69/85 MP: 29/29
 17567 | Volcano  | Noticed an orb of fire
 17567 | Volcano  | Noticed an orb of fire
 18081 | Lair:5   | Noticed Josephine
 18086 | Lair:5   | Killed Josephine
 18800 | Lair:5   | Identified the +0 leather armour of Luhiol {rF- rC+ Str+6
                  | Stlth+}
 19031 | Orc:1    | Entered Level 1 of the Orcish Mines
 19101 | Orc:1    | Found a runed translucent door.
 19101 | Orc:1    | Noticed lambentLogic's ghost (journeyman KoEn)
 19130 | Orc:1    | Killed lambentLogic's ghost
 19131 | Orc:1    | Reached skill level 1 in Armour
 19131 | Orc:1    | Reached skill level 1 in Evocations
 19139 | Orc:1    | Identified the +1 leather armour of the Saviour {Fly rPois
                  | rN+ Dex+2}
 19141 | Orc:1    | Identified the +3 ring mail of Weak Intercession {+Blink
                  | rF+}
 19270 | Orc:2    | Entered Level 2 of the Orcish Mines
 19270 | Orc:2    | Found a staircase to the Elven Halls.
 19374 | Orc:2    | Found a flickering gateway to a bazaar.
 19441 | Bazaar   | Entered a bazaar
 19549 | Bazaar   | Found Yxionepy's Magic Scroll Boutique.
 19554 | Bazaar   | Bought a scroll of acquirement for 520 gold pieces
 19565 | Bazaar   | Found Oviav's Antique Armour Shoppe.
 19602 | Bazaar   | Found Zumuop's Distillery.
 19608 | Bazaar   | Bought a potion of cancellation for 112 gold pieces
 19637 | Bazaar   | Found Yptabud's General Store.
 19642 | Bazaar   | Bought a potion of heal wounds for 75 gold pieces
 19659 | Bazaar   | Found Voussyreu's Antique Armour Shoppe.
 19664 | Bazaar   | Bought an encrusted ring mail for 297 gold pieces
 19664 | Bazaar   | Identified the +6 ring mail of the Furies {rCorr Str+4
                  | Stlth-} (You bought it in a shop in a bazaar)
 19771 | Bazaar   | Bought a spiked leather armour for 231 gold pieces
 19771 | Bazaar   | Identified the +4 leather armour of Zatatiog {Int+7} (You
                  | bought it in a shop in a bazaar)
 19812 | Orc:2    | Acquired the ring "Boseiro" {rC+ rN+ Str+3 Dex+2 Slay+2}
 19877 | Orc:1    | Found a bloodstained altar of Trog.
 20177 | Orc:1    | You fall into a shaft and drop 1 floor!
 20489 | Orc:2    | Found Timonir's General Store.
 20512 | Orc:2    | Found Aqeetom's General Store.
 20521 | Orc:2    | Found Gopuopro's Weapon Shoppe.
 20524 | Orc:2    | Bought a potion of heal wounds for 70 gold pieces
 20529 | Orc:2    | Bought a potion of heal wounds for 80 gold pieces
 20532 | Orc:2    | Found Tewnemof's Antique Weapon Boutique.
 21166 | D:12     | Noticed Fannar
 21172 | D:12     | Killed Fannar
 21407 | D:12     | Reached skill level 5 in Fighting
 21764 | D:12     | Reached XP level 16. HP: 98/98 MP: 30/30
 22190 | D:13     | Identified the +5 sling of Nuekhlesk {flame, Str+3 Dex+4}
 22452 | D:13     | Reached skill level 5 in Evocations
 22915 | D:14     | Found a broken altar of Ashenzari.
 23663 | D:14     | Found a gate to the Vaults.
 24330 | D:15     | Entered Level 15 of the Dungeon
 24330 | D:15     | Found a frozen archway.
 24338 | IceCv    | Entered an ice cave
 24381 | IceCv    | Reached skill level 5 in Armour
 25137 | IceCv    | Reached skill level 10 in Evocations
 25560 | IceCv    | Noticed a golden dragon
 25590 | IceCv    | Killed a golden dragon
 25607 | IceCv    | HP: 5/144 [ice dragon (11)]
 25912 | IceCv    | Identified the ring of Creativity {Str+5 Dex+8 Slay+4
                  | Stlth-}
 26308 | D:15     | Found an opulent altar of Gozag.
 26729 | D:15     | Found a staircase to the Depths.
 27142 | Spider:1 | Entered Level 1 of the Spider Nest
 27142 | Spider:1 | Noticed Rupert
 27161 | Spider:1 | Mangled by Rupert

Illustrated notes

Levels and vault maps discovered:
D:1:      psy_arrival_radial01, layout_basic
D:2:      layout_basic, serial_rivers, chequers_serial_rivers_micro_c,
          chequers_serial_rivers_micro_d, chequers_serial_rivers_large_b,
          chequers_serial_rivers_micro_e, chequers_serial_rivers_micro_b,
          ebering_ecumenical_altar_abandoned
D:3:      layout_loops_ring, uniq_sigmund
D:4:      layout_gridville, palyth_temple_overflow_mages, portal_sewer_entry_d,
          serial_glass, glass_columns_c, glass_columns_a, glass_columns_a,
          uniq_eustachio
D:5:      layout_loops_ring, nicolae_overflow_hidden_temple,
          minmay_temple_entry_steel_oval, uniq_menkaure
D:6:      layout_loops_ring, nicolae_tso_carved_into_rock
D:7:      layout_layer_cave, lightli_temple_of_fire, uniq_duvessa, uniq_maggie
D:8:      layout_cave_pools, nicolae_wand_duel, uniq_maurice, uniq_erica,
          uniq_pikel
D:9:      layout_basic, minmay_stone_trees_small, uniq_harold
D:10:     layout_rooms, serial_shops, nicolae_shop_stone, uniq_gastronok,
          uniq_joseph
D:11:     layout_cross, david_lair_generic, erik_orc_3, hangedman_stone_soup
D:12:     layout_gridville, uniq_fannar
D:13:     layout_cave_pods
D:14:     layout_long_grid, grunt_vaults_entry_tiered,
          nicolae_ashenzari_panopticon, minmay_misc_feat_roman
D:15:     grunt_enter_depths_magical_seal, layout_basic, grunt_gozag_statues,
          portal_ice_cave_entry_pillars_2
Temple:   regret_index_temple_sphere_string
Lair:1:   layout_small_grid, serial_bayou_shore_a
Lair:2:   beast_lair_carwin_large_1, layout_loops_ring, serial_forest,
          infiniplex_forest_lined_room_2, infiniplex_forest_clump_tiny,
          infiniplex_forest_lined_4_way, infiniplex_forest_pool,
          infiniplex_forest_diagonal, infiniplex_forest_side_room,
          infiniplex_forest_corner_1, infiniplex_forest_clump_small,
          infiniplex_forest_clump_small, st_stairs_13, kennysheep_snail_temple,
          lemuel_fruit_tree
Lair:3:   statuecave_lemuel, layout_long_grid, minmay_swamp_entry_swarm,
          nicolae_spider_entry_tight_spaces, hibernation_bobbens
Lair:4:   wad_woods_stonehenge, layout_misc_corridors, slime_entry_1,
          nicolae_lair_grove_arrangements, beast_lair_carwin_8,
          serial_bayou_shore_b
Lair:5:   evilmike_catoblepas_cave, layout_small_grid,
          nicolae_volcano_entry_vermiform, eino_small_chamber_without_monster,
          uniq_josephine
Spider:1: layout_spider_delve, drop_trap, guppyfry_spider_mini_1, uniq_azrael,
          uniq_rupert
Orc:1:    layout_caves, gammafunk_ghost_grave, trog_butcher_becter
Orc:2:    st_orc_open, layout_caves, serial_shops, bzr_entry_customers

Skill      XL: |  1  2  3  4  5  6  7  8  9 10 11 12 13 14 15 16 |
---------------+-------------------------------------------------+-----
Ranged Weapons | 5 6 7 9 11 13 14 15 | 15.6
Hexes          | 5 8 9 10 | 10.0
Spellcasting   | 4 7 8 9 10 | 10.0
Ice Magic      | 3 5 6 |  6.1
Shields        | 6 11 12 | 12.6
Transmutations | 1 5 6 |  6.4
Invocations    | 11 13 | 13.2
Dodging        | 4 |  4.3
Armour         | 4 8 |  8.8
Evocations     | 4 10 | 10.0
Fighting       | 5 |  5.3
Stealth        | |  1.2

Action                   |  1- 3 |  4- 6 |  7- 9 | 10-12 | 13-15 | 16-18 || total
-------------------------+-------+-------+-------+-------+-------+-------++-------
 Fire: Shortbow          |    82 |   107 |   196 |   328 |       |       ||   713
       Arbalest          |       |       |       |   140 |   636 |   327 ||  1103
 Cast: Slow              |       |       |       |     4 |     1 |     1 ||     6
       Wereblood         |       |       |       |       |     1 |     1 ||     2
       Ensorcelled Hiber |       |       |       |       |     1 |       ||     1
Invok: Recall Ancestor   |       |       |       |     9 |     7 |     9 ||    25
       Ancestor Life: Kn |       |       |       |     1 |       |       ||     1
       Idealise          |       |       |       |       |     1 |     3 ||     4
 Abil: Dig               |     2 |     4 |     2 |     4 |    11 |     4 ||    27
       Shaft Self        |       |       |       |       |     1 |       ||     1
Evoke: Wand              |       |       |       |       |     1 |     4 ||     5
  Use: Scroll            |     3 |     6 |    10 |     5 |     8 |     1 ||    33
       Potion            |       |       |     3 |     1 |     3 |    23 ||    30
Armor: Leather armour    |     7 |     6 |     9 |     1 |       |       ||    23
       Steam dragon scal |       |       |       |     2 |       |       ||     2
       Ring mail         |       |       |       |     7 |    28 |    58 ||    93
       Skin              |       |       |       |       |     1 |    18 ||    19
Dodge: Dodged            |    10 |    16 |    45 |    35 |    47 |    63 ||   216
Block: Kite shield       |       |       |       |     6 |   185 |   118 ||   309
       Reflection        |       |       |       |       |    15 |     1 ||    16
